 Dungeon Crawl Stone Soup version 0.22-a0-609-gfedc9ff (webtiles) character file.

114 Amnesiac the Magician (level 4, -11/24 HPs)
             Began as a Deep Elf Wizard on July 10, 2018.
             Mangled by an ice beast (12 damage)
             ... on level 5 of the Dungeon.
             The game lasted 00:02:51 (1064 turns).

Amnesiac the Magician (Deep Elf Wizard)             Turns: 1064, Time: 00:02:51

Health: -11/24     AC:  3    Str:  4    XL:     4   Next: 66%
Magic:  10/15      EV: 13    Int: 24    God:
Gold:   25         SH:  0    Dex: 13    Spells: 7/18 levels left

rFire    . . .     SeeInvis .   a - +2 dagger (venom)
rCold    . . .     Gourm    .   (no shield)
rNeg     . . .     Faith    .   h - +0 robe
rPois    .         Spirit   .   (no helmet)
rElec    .         Reflect  .   g - +0 cloak
rCorr    .         Harm     .   (no gloves)
MR       .....                  (no boots)
Stlth    ++........             (no amulet)
HPRegen  0.08/turn              (no ring)
MPRegen  0.14/turn              (no ring)

@: no status effects
A: no striking features
a: no special abilities


You were on level 5 of the Dungeon.
You were not hungry.

You visited 1 branch of the dungeon, and saw 5 of its levels.

You collected 25 gold pieces.

Inventory:

Hand Weapons
 a - a +2 dagger of venom (weapon)
Armour
 g - a +0 cloak (worn)
 h - a +0 robe (worn)
Scrolls
 c - a scroll of random uselessness {!r}
Potions
 e - a potion of heal wounds {!q, unknown}
 l - a potion of brilliance {!q}
Comestibles
 b - 6 chunks of flesh
 d - 3 rations


   Skills:
 - Level 2.4 Dodging
 - Level 2.4 Stealth
 + Level 7.5 Spellcasting
 - Level 1.1 Conjurations
 - Level 1.1 Summonings
 - Level 1.1 Translocations


You had 7 spell levels left.
You knew the following spells:

 Your Spells              Type           Power        Failure   Level  Hunger
a - Magic Dart            Conj           ##..         4%          1    None
b - Call Imp              Summ           ##......     7%          2    None
e - Mephitic Cloud        Conj/Pois/Air  ##......     19%         3    None
s - Conjure Flame         Conj/Fire      ##......     16%         3    None
v - Blink                 Tloc           N/A          7%          2    None

Your spell library contained the following spells:

 Spells                   Type           Power        Failure   Level  Hunger
 Slow                     Hex            #.......     11%         2    None


Dungeon Overview and Level Annotations

Branches:
Dungeon (5/15)
 Temple: D:4-7

Altars:
Makhleb

Shops:
D:4 ([*[


Message History

The ball explodes into a vile cloud!
The stinking cloud engulfs the orc priest.
You hear a shout! x3
The jackal closely misses you.
The orc priest is engulfed in noxious fumes.
The orc priest appears confused.
The jackal bites you but does no damage.
A centaur comes into view.
The centaur shouts!
You hear a shout!
The centaur wields a shortbow.
The centaur shoots an arrow.
The arrow closely misses you.
You see here an arrow.
An adder comes into view.
The orc shouts!
The adder hisses angrily.
The orc priest is engulfed in noxious fumes.
The orc priest appears confused.
The centaur shoots an arrow.
The arrow barely misses you. The jackal barely misses you.
You see here an arrow.
The orc priest is engulfed in noxious fumes.
The orc priest appears confused.
The adder zombie barely misses you.
A worker ant comes into view.
You barely miss the orc priest.
The orc priest is lightly wounded.
The jackal barely misses you. The jackal bites you.
* * * LOW HITPOINT WARNING * * *
Really read
c - 2 scrolls labeled JIGOYL HYSERPH {!r}?
As you read the scroll labeled JIGOYL HYSERPH {!r}, it crumbles to dust.
The dust glows shimmering scarlet!
It was a scroll of random uselessness {!r}.
The adder zombie bites you but does no damage.
The jackal bites you.
* * * LOW HITPOINT WARNING * * *
The adder zombie misses you.
Really read
f - a scroll labeled XUKHLY ZAPYXOC {!r}?
As you read the scroll labeled XUKHLY ZAPYXOC {!r}, it crumbles to dust.
You feel blessed for a moment.
It was a scroll of remove curse {!r}.
The jackal bites you.
* * * LOW HITPOINT WARNING * * *
The adder zombie bites you.
* * * LOW HITPOINT WARNING * * *
The jackal misses you.
Really read
j - a scroll labeled WIGUJO QETEIWK {!r}?
As you read the scroll labeled WIGUJO QETEIWK {!r}, it crumbles to dust.
It is a scroll of amnesia.
Okay, then.
The jackal closely misses you. The adder zombie barely misses you.
Unknown command.
Really read
k - a scroll labeled CAUXKO VAPT {!r}?
As you read the scroll labeled CAUXKO VAPT {!r}, it crumbles to dust.
It is a scroll of identify.
l - a potion of brilliance {!q} The jackal barely misses you.
The ice beast misses you. The adder zombie bites you.
* * * LOW HITPOINT WARNING * * *
The orc complains loudly.
The jackal misses you.
Really read
i - a scroll labeled ONIEC WOAGUIRHURA {!r}?
As you read the scroll labeled ONIEC WOAGUIRHURA {!r}, it crumbles to dust.
The creatures around you are filled with an inner flame!
It was a scroll of immolation {!r}.
The ice beast hits you.
* * * LOW HITPOINT WARNING * * *
The ice beast freezes you!
Ouch! That really hurt!
You die...

#....$... .
#........ ..
#........
.S#.#######........
c.......(.........
.####.(..........
##......)####
##hc...o..#
#@ZSo.....#
##Ya......#
#..........
#.........#
##........#
#........#
#........# ......


You could see an ice beast (inner flame), a centaur (inner flame), a worker ant
(inner flame), an orc priest (inner flame), an adder (inner flame), an orc
(inner flame), an adder zombie (inner flame) and a jackal (inner flame).

Vanquished Creatures
  2 hounds (D:4)
  3 adders
  A dart slug (D:4)
  2 leopard geckos
  3 orcs (D:4)
  A bat (D:1)
  3 giant cockroaches
  A goblin (D:1)
  A hobgoblin (D:2)
  A frilled lizard (D:2)
  5 kobolds
  3 rats
26 creatures vanquished.

Notes
Turn   | Place    | Note
-------+----------+-------------------------------------------
     0 | D:1      | Amnesiac the Deep Elf Wizard began the quest for the Orb.
     0 | D:1      | Reached XP level 1. HP: 10/10 MP: 7/7
   142 | D:1      | Reached skill level 5 in Spellcasting
   157 | D:2      | Reached XP level 2. HP: 15/15 MP: 0/10
   225 | D:2      | Learned a level 2 spell: Blink
   228 | D:2      | Learned a level 2 spell: Call Imp
   280 | D:2      | Found a burning altar of Makhleb.
   527 | D:4      | Reached XP level 3. HP: 13/19 MP: 9/12
   532 | D:4      | Learned a level 3 spell: Conjure Flame
   536 | D:4      | Learned a level 3 spell: Mephitic Cloud
   563 | D:4      | Reached skill level 6 in Spellcasting
   592 | D:4      | Found Gaugyiq's Antique Armour Emporium.
   736 | D:4      | Reached XP level 4. HP: 23/24 MP: 4/14
   859 | D:4      | Found Tumaipru's Armour Emporium.
   864 | D:4      | Found Nyntonyo's General Store.
   886 | D:4      | Found Egynaw's Antique Weapon Shop.
   905 | D:4      | Reached skill level 7 in Spellcasting
  1050 | D:5      | Entered Level 5 of the Dungeon
  1050 | D:5      | Noticed an ice beast
  1054 | D:5      | Noticed a centaur
  1064 | D:5      | HP: 1/24 [ice beast (1)]
  1064 | D:5      | Mangled by an ice beast

Vault maps used:
D:1:      scummos_arrival_simple_fountains, hangedman_abyss_or_decor_stabs,
          minmay_small_reverse_x
D:2:      lightli_temple_of_fire, first_ration
D:4:      serial_shops, shop, nicolae_shop_behind_doors, shop, shop,
          serial_curves, eino_curves_04, eino_curves_03, eino_curves_03,
          eino_curves_04, lemuel_angel_altar
D:5:      cheibriados_altar_1, guppyfry_early_orc_mine, uniq_eustachio

Skill      XL: |  1  2  3  4 |
---------------+-------------+-----
Spellcasting   | 5 6 7 |  7.5
Dodging        | |  2.4
Stealth        | |  2.4
Conjurations   | |  1.1
Summonings     | |  1.1
Translocations | |  1.1

Action                   |  1- 3 |  4- 6 || total
-------------------------+-------+-------++-------
Melee: Dagger            |       |     1 ||     1
 Cast: Magic Dart        |    55 |    19 ||    74
       Mephitic Cloud    |     1 |     1 ||     2
  Use: Scroll            |       |     5 ||     5
Armor: Robe              |     2 |     3 ||     5
Dodge: Dodged            |     5 |    23 ||    28

Table legend:
 A = Spawn XP
 B = Non-spawn XP
 C = Spawn XP percentage of total XP
 D = Spawn monster count
 E = Non-spawn monster count
 F = Spawn count percentage of total count
 G = Total turns spent on level
                    A         B        C        D         E        F      G
               +---------+---------+-------+---------+---------+-------+---------
         Total |       0 |     163 |   0.0 |       0 |      26 |   0.0 |  1064
               +---------+---------+-------+---------+---------+-------+---------
           D:1 |       0 |      11 |   0.0 |       0 |       7 |   0.0 |   156
           D:2 |       0 |      27 |   0.0 |       0 |      10 |   0.0 |   352
           D:3 |       0 |      13 |   0.0 |       0 |       1 |   0.0 |    22
           D:4 |       0 |     112 |   0.0 |       0 |       8 |   0.0 |   520
               +---------+---------+-------+---------+---------+-------+---------
